 Dungeon Crawl Stone Soup version 0.28-a0-819-g6ef7baa362 (console) character file.

Game seed: 18441057311124786089

54 petzl the Vexing (level 3, 0/24 HPs)
             Began as an Octopode Arcane Marksman on Nov 8, 2021.
             Succumbed to a kobold brigand's poison
             ... in a sewer.
             The game lasted 00:08:09 (2148 turns).

petzl the Vexing (Octopode Arcane Marksman)         Turns: 2148, Time: 00:08:09

Health: 0/24       AC:  1    Str:  9    XL:     3   Next: 91%
Magic:  2/5        EV: 13    Int: 16    God:
Gold:   76         SH:  0    Dex: 12    Spells: 4/5 levels left

rFire   . . .      SeeInvis .   b - +0 long sword
rCold   . . .      Faith    .   (no shield)
rNeg    . . .      Spirit   .   (helmet restricted)
rPois   .          Reflect  .   (no amulet)
rElec   .          Harm     .   (no ring)
rCorr   .          Rampage  .   (no ring)
Will    .....                   (no ring)
Stlth   +++.......              (no ring)
HPRegen 0.08/turn               (no ring)
MPRegen 0.09/turn               (no ring)
                                (no ring)
                                (no ring)

@: lethally poisoned (0 -> -5), very slightly contaminated
A: almost no armour, amphibious, 8 rings, camouflage 1, gelatinous body 1,
(nimble swimmer 1), tentacles
a: no special abilities


You were in a sewer.
You visited 1 branch of the dungeon, and saw 4 of its levels.
You also visited: Sewer.

You collected 76 gold pieces.

Inventory:

Hand Weapons
 a - a +0 hand crossbow
 b - a +0 long sword (weapon)
 l - a +0 short sword
Missiles
 h - 7 bolts
Scrolls
 d - a scroll of teleportation {unknown}
 e - a scroll of identify
 f - a scroll of acquirement {unknown}
 k - a scroll of magic mapping {unknown}
Potions
 c - a potion of mutation {unknown}
 g - a potion of flight {unknown}
 i - a potion of haste {unknown}
 j - a potion of resistance {unknown}


   Skills:
 + Level 1.7 Fighting
 + Level 2.5 Crossbows
 + Level 2.5 Dodging
 + Level 1.9 Stealth
 * Level 1.6 Spellcasting
 - Level 3.0 Hexes


You had 4 spell levels left.
You knew the following spells:

 Your Spells              Type           Power      Damage    Failure   Level
a - Slow                  Hex            40%        N/A       6%          1

Your spell library contained the following spells:

 Spells                   Type           Power      Damage    Failure   Level
 Inner Flame              Hex/Fire       6%         N/A       34%         3
 Portal Projectile        Hex/Tloc       12%        N/A       34%         3
 Cause Fear               Hex            5%         N/A       54%         4
 Dispersal                Tloc           0%         N/A       100%        6
 Disjunction              Tloc           0%         N/A       100%        8


Dungeon Overview and Level Annotations

Branches:
Dungeon (4/15)              Sewer (1/1)
 Temple: D:4-7

Altars:
Dithmenos


Innate Abilities, Weirdness & Mutations

You cannot wear most types of armour.
You are amphibious.
You can wear up to eight rings at the same time.
Your skin changes colour to match your surroundings (Stealth+).
Your rubbery body absorbs attacks. (AC +1, EV +1)
((You are camouflaged near water. (Stealth+)))
You have tentacles for arms and can constrict up to eight enemies at once.


Message History

Casting: Slow (safe; 6% risk of failure)
Confirm with . or Enter, or press ? or * to list all spells.
Aiming: Slow (safe; 6% risk of failure)
Press: ? - help, Shift-Dir - straight line, f - kobold brigand
Aim: a kobold brigand, wielding a +0 short sword and quivering poisoned darts (chance to affect: 46%)
You miscast Slow.
You are very lightly contaminated with residual magic.
Nothing appears to happen.
Casting: Slow (safe; 6% risk of failure)
Confirm with . or Enter, or press ? or * to list all spells.
Aiming: Slow (safe; 6% risk of failure)
Press: ? - help, Shift-Dir - straight line, f/p - kobold brigand
Aim: a kobold brigand, wielding a +0 short sword and quivering poisoned darts (chance to affect: 46%)
The kobold brigand resists with some effort.
The kobold shoots a bolt.
The bolt hits you!
The jackal pauses to sniff the water.
Press: ? - help, v - describe, . - travel
Here: a kobold brigand, wielding a +0 short sword and quivering poisoned darts Some shallow water.
Press: ? - help, v - describe, . - travel Some shallow water.
Unknown command.
Casting: Slow (safe; 6% risk of failure)
Confirm with . or Enter, or press ? or * to list all spells.
Aiming: Slow (safe; 6% risk of failure)
Press: ? - help, Shift-Dir - straight line, f/p - kobold brigand
Aim: a kobold brigand, wielding a +0 short sword and quivering poisoned darts (chance to affect: 46%)
You miscast Slow.
Nothing appears to happen.
The kobold brigand throws a poisoned dart.
The poisoned dart hits you!
You are lethally poisoned!
Okay, then.
* * * LOW HITPOINT WARNING * * *
You feel sick.
The kobold brigand throws a poisoned dart.
The poisoned dart closely misses you.
* * * LOW HITPOINT WARNING * * *
You feel sick.
The kobold shoots a bolt.
The bolt hits you.
* * * LOW HITPOINT WARNING * * *
You die... .KK

K.. ####.#### #...≈≈≈.#
#..≈h≈..# #.≈≈≈≈≈≈#
#.≈≈≈≈≈≈# #≈≈≈≈≈≈≈#
#.≈K≈≈≈≈# #.K≈≈K.≈#
#≈.≈≈≈..####################
#..≈≈≈≈≈≈≈≈≈≈≈≈≈≈≈≈≈≈≈≈≈≈≈≈.
#.≈h≈≈@.####################
##.≈≈≈.## #.≈≈≈.# ###.≈≈≈.#
#∩..≈≈≈.# ###.≈≈≈.# #.≈≈≈.#
##≈≈≈## #≈≈≈# #≈≈≈# #≈≈≈#
#≈≈≈# ##≈≈# #≈## ##≈# #≈≈#
#≈## #≈# ###


You could see a kobold brigand, a jackal and 2 kobolds.

Vanquished Creatures
  An adder (D:3)
  2 dart slugs (D:1)
  3 endoplasms
  6 goblins (D:1)
  3 hobgoblins (D:1)
  4 jackals
  A kobold (D:1)
  2 quokkas
  3 ball pythons (D:1)
  5 bats
  3 frilled lizards
  6 rats
39 creatures vanquished.

Notes
Turn   | Place    | Note
-------+----------+-------------------------------------------
     0 | D:1      | petzl the Octopode Arcane Marksman began the quest for the
                  | Orb.
     0 | D:1      | Reached XP level 1. HP: 13/13 MP: 2/2
   211 | D:1      | Reached XP level 2. HP: 13/18 MP: 3/3
   323 | D:1      | Found a faded altar of an unknown god.
   330 | D:1      | Reached skill level 1 in Stealth
   635 | D:1      | Reached XP level 3. HP: 17/23 MP: 5/5
  1708 | D:3      | Found a shadowy altar of Dithmenos.
  2034 | D:3      | Found a glowing drain.
  2046 | Sewer    | Entered a sewer
  2129 | Sewer    | Noticed a kobold brigand
  2147 | Sewer    | HP: 1/24 [kobold/bolt (4)]
  2148 | Sewer    | Succumbed to a kobold brigand's poison

Illustrated notes

Levels and vault maps discovered:
D:1:      enne_arrival_octagon_isle, layout_basic,
          shapermc_ecumenical_altar_pompeii
D:2:      layout_loops_cross, grunt_decor_cap, minmay_shallow_snake_nest
D:3:      layout_loops_corners, grunt_dithmenos_smoke, portal_sewer_entry_d,
          uniq_jessica
D:4:      layout_layer_cave, uniq_edmund
Sewer:    sewer_kobolds

Skill      XL: |  1  2 |
---------------+-------+-----
Stealth        | 1 |  1.9
Fighting       | |  1.7
Crossbows      | |  2.5
Dodging        | |  2.5
Spellcasting   | |  1.6
Hexes          | |  3.0

Action                   || total
-------------------------++-------
Melee: Long sword        ||    17
       Whip              ||    12
       Short sword       ||    12
       Constrict         ||     8
       Tentacles         ||     4
 Fire: Hand crossbow     ||    48
 Cast: Slow              ||     2
  Use: Scroll            ||     1
 Stab: Sleeping          ||     3
Armor: Skin              ||     4
Dodge: Dodged            ||    38

Table legend: (Time is in decaauts)
 A = Elapsed time spent in this place.
 B = Non-inter-level travel time spent in this place.
 C = Inter-level travel time spent in this place.
 D = Time resting spent in this place.
 E = Time spent auto-exploring this place.
 F = Levels seen in this place.
 G = Mean time per level.
                   A        B        C        D        E       F      G
               +--------+--------+--------+--------+--------+-----+--------+
         Total |   2173 |   1976 |    197 |    280 |    889 |   5 |  434.6 |
       Dungeon |   2069 |   1872 |    197 |    280 |    889 |   4 |  517.2 |
         Sewer |    104 |    104 |      0 |      0 |      0 |   1 |  104.0 |
               +--------+--------+--------+--------+--------+-----+--------+

Top non-repeatable levels by time:
     D:1: 1438 daAuts
     D:3: 357 daAuts
     D:2: 271 daAuts
   Sewer: 104 daAuts
     D:4: 1 daAuts
